 Dungeon Crawl Stone Soup version 0.21.1-1-g345015fe64 (webtiles) character file.

289 Henning the Covered (level 6, 0/55 HPs)
             Began as a Minotaur Fighter on June 20, 2018.
             Slain by an orc priest
             ... wielding a +0 morningstar
              (8 damage)
             ... on level 5 of the Dungeon.
             The game lasted 00:06:50 (2504 turns).

Henning the Covered (Minotaur Fighter)              Turns: 2504, Time: 00:06:51

Health: 0/55       AC: 13    Str: 25    XL:     6   Next: 9%
Magic:  5/5        EV:  7    Int:  5    God:
Gold:   179        SH: 10    Dex: 12    Spells: 5/5 levels left

rFire    . . .     SeeInvis .   a - +0 war axe
rCold    . . .     Gourm    .   c - +0 shield
rNeg     . . .     Faith    .   q - +0 chain mail
rPois    .         Spirit   .   (helmet restricted)
rElec    .         Reflect  .   (no cloak)
rCorr    .         Harm     .   t - +2 pair of gloves
MR       +....                  (no boots)
Stlth    ..........             v - amulet of magic regeneration
HPRegen  0.18/turn              g - +3 ring of slaying
MPRegen  0.34/turn              u - ring of protection from magic

@: mighty
A: retaliatory headbutt, horns 2
a: no special abilities


You were on level 5 of the Dungeon.
You were very hungry.

You visited 1 branch of the dungeon, and saw 5 of its levels.

You collected 179 gold pieces.

Inventory:

Hand Weapons
 a - a +0 war axe (weapon)
Armour
 c - a +0 shield (worn)
 q - a +0 chain mail (worn)
 t - a +2 pair of gloves (worn)
Jewellery
 g - a +3 ring of slaying (left hand)
 j - an uncursed ring of fire
 m - an uncursed ring of stealth
 u - a ring of protection from magic (right hand)
 v - an amulet of magic regeneration (around neck)
Wands
 b - a wand of flame (25)
Scrolls
 e - a scroll of remove curse
 h - 5 scrolls of teleportation
 i - a scroll of identify {unknown}
 k - a scroll of magic mapping {unknown}
Potions
 l - 2 potions of heal wounds
 n - a potion of cancellation {unknown}
 o - a potion of mutation {unknown}
 p - a potion of berserk rage {unknown}
 r - a potion of curing
 s - 2 potions of brilliance {unknown}
Comestibles
 f - 9 rations


   Skills:
 + Level 4.9 Fighting
 + Level 4.0 Axes
 + Level 5.0 Armour
 + Level 2.5 Dodging
 + Level 4.9 Shields


You had 5 spell levels left.
You didn't know any spells.

Dungeon Overview and Level Annotations

Branches:
Dungeon (5/15)
 Temple: D:4-7

Altars:
Nemelex Xobeh
Vehumet

Shops:
D:5 %

Annotations:
D:4 Pikel
D:5 Ge0ff's ghost, novice MfNe


Innate Abilities, Weirdness & Mutations

You reflexively headbutt those who attack you in melee.
You have a pair of horns on your head.


Message History

an adder corpse; a hound corpse You closely miss the crimson imp.
You slash the orc!
You kill the orc!
You hit the ogre.
The orc priest looks satisfied for a moment.
The ogre hits you with a giant spiked club!!
* * * LOW HITPOINT WARNING * * *
The crimson imp laughs crazily.
You block the crimson imp's attack.
You miss the crimson imp. Your headbutt misses the crimson imp.
You slash the ogre! You slash the orc!
You kill the orc!
The crimson imp hits you but does no damage.
You block the ogre's attack. You block the crimson imp's attack.
You closely miss the crimson imp. Your headbutt misses the crimson imp.
You hit the ogre. You slash the orc priest!
The orc priest begins to cast a cantrip, but forgets the words!
The ogre barely misses you. You block the crimson imp's attack.
The orc priest hits you with a morningstar!
You die...

......$.....
.......∩....
./..........
.5....$.....
............ ##
............ !###
..<......... ...
#.5.!..#.... ####.#
#.#....########o@5.#
o.##.=.# #WoO####
.####..## ##o######
.####o..####.........
.......o......#######
#####.#.#.##.##
#.#.o....# #.....####
#..#..#


You could see an ogre, an orc priest, Ge0ff's ghost, a crimson imp and 2 orcs.

Vanquished Creatures
  2 hounds (D:5)
  Natasha (twice) (D:2)
  An iguana (D:5)
  8 adders
  An ooze (D:1)
  4 worms
  3 dart slugs
  3 leopard geckos
  5 orcs
  A giant cockroach (D:2)
  11 goblins
  5 hobgoblins
  A jackal (D:4)
  4 kobolds
  3 bats
  5 frilled lizards
  A leopard gecko skeleton (D:4)
  3 rats (D:2)
63 creatures vanquished.

Notes
Turn   | Place    | Note
-------+----------+-------------------------------------------
     0 | D:1      | Henning the Minotaur Fighter began the quest for the Orb.
     0 | D:1      | Reached XP level 1. HP: 19/19 MP: 0/0
   211 | D:1      | Reached XP level 2. HP: 27/27 MP: 1/1
   476 | D:1      | Found a sparkling altar of Nemelex Xobeh.
  1020 | D:2      | Reached skill level 4 in Armour
  1023 | D:2      | Reached XP level 3. HP: 27/33 MP: 2/2
  1079 | D:2      | Reached skill level 1 in Dodging
  1426 | D:2      | Reached XP level 4. HP: 40/40 MP: 3/3
  1431 | D:2      | Noticed Natasha
  1438 | D:2      | Killed Natasha
  1474 | D:2      | Noticed Natasha
  1482 | D:2      | Killed Natasha
  1518 | D:2      | Reached XP level 5. HP: 40/47 MP: 4/4
  1764 | D:3      | Found a radiant altar of Vehumet.
  2394 | D:4      | Noticed Pikel
  2394 | D:4      | Noticed a slave
  2394 | D:4      | Noticed a slave
  2394 | D:4      | Noticed a slave
  2394 | D:4      | Noticed a slave
  2455 | D:5      | Entered Level 5 of the Dungeon
  2455 | D:5      | Found Huohud's Food Emporium.
  2458 | D:5      | Noticed an ogre
  2461 | D:5      | Noticed Ge0ff's ghost (novice MfNe)
  2501 | D:5      | Reached skill level 5 in Armour
  2501 | D:5      | Reached XP level 6. HP: 36/55 MP: 5/5
  2504 | D:5      | Slain by an orc priest

Skill      XL: |  1  2  3  4  5 |
---------------+----------------+-----
Fighting       | 4 |  4.9
Armour         | 4 5 |  5.0
Shields        | 4 |  4.9
Dodging        | 1 2 |  2.5
Axes           | 3 4 |  4.0

Action                   |  1- 3 |  4- 6 || total
-------------------------+-------+-------++-------
Melee: War axe           |    54 |    94 ||   148
       Headbutt          |     4 |    19 ||    23
  Use: Scroll            |       |     2 ||     2
       Potion            |       |     2 ||     2
  Eat: Chunk             |     2 |     2 ||     4
Armor: Scale mail        |    21 |    10 ||    31
       Chain mail        |       |    47 ||    47
Dodge: Dodged            |    21 |    42 ||    63
Block: Shield            |    32 |    68 ||   100
